| TOP OF THE 1ST |
|
Rancho Cucamonga Quakes batting - Pitching for Bradenton Marauders : RHP Juan de Anda
|
|
Pitching: RHP Juan de Anda
|
|
|
Batting: RHB Omar Resendez
|
0-0: Called Strike 0-1: Ground out 5-3 (Groundball, 5, EV 77.5 MPH)
|
|
Batting: RHB Mario Mejia
|
0-0: Fly out, F6 (Popup, 6D, EV 48.1 MPH)
|
|
Batting: RHB Christopher Gallino
|
0-0: Called Strike 0-1: Called Strike 0-2: Ball 1-2: Strikes out swinging
|
| Top of the 1st over - 0 runs, 0 hits, 0 errors, 0 left on base; Rancho Cucamonga 0 - Bradenton 0 |
| BOTTOM OF THE 1ST |
|
Bradenton Marauders batting - Pitching for Rancho Cucamonga Quakes : RHP Yasuoka Takahashi
|
|
Pitching: RHP Yasuoka Takahashi
|
|
|
Batting: RHB Slamet Pamungkas
|
0-0: Fly out, F7 (Flyball, 78D, EV 98.1 MPH)
|
|
Batting: LHB Alex Mandry
|
0-0: Called Strike 0-1: Swinging Strike 0-2: Ball 1-2: Foul Ball, location: 2F 1-2: Ground out 4-3 (Groundball, 4, EV 100.6 MPH)
|
|
Batting: SHB Mike Jorgenson
|
0-0: Ball 1-0: Ball 2-0: Fly out, F8 (Flyball, 89D, EV 110.6 MPH)
|
| Bottom of the 1st over - 0 runs, 0 hits, 0 errors, 0 left on base; Rancho Cucamonga 0 - Bradenton 0 |
| TOP OF THE 2ND |
|
Rancho Cucamonga Quakes batting - Pitching for Bradenton Marauders : RHP Juan de Anda
|
|
Batting: LHB Tim Dakin
|
0-0: SINGLE (Flyball, 9S, EV 91.3 MPH)
|
|
Batting: LHB William Cano
|
0-0: Ball 1-0: Called Strike 1-1: Swinging Strike 1-2: Ball 2-2: Ball 3-2: Strikes out swinging Tim Dakin steals 2nd base Batter strikes out.
|
|
Batting: RHB Ian Enge
|
0-0: Ball 1-0: Ball 2-0: Ball 3-0: Called Strike 3-1: Fly out, F6 (Line Drive, 6, EV 64.4 MPH)
|
|
Batting: RHB Marty Roldan
|
0-0: Ball 1-0: Foul Ball, location: 2F 1-1: Foul Ball, location: 2F 1-2: Foul Ball, location: 2F 1-2: Ball 2-2: Fly out, F8 (Flyball, 8LM, EV 81.9 MPH)
|
| Top of the 2nd over - 0 runs, 1 hit, 0 errors, 1 left on base; Rancho Cucamonga 0 - Bradenton 0 |
| BOTTOM OF THE 2ND |
|
Bradenton Marauders batting - Pitching for Rancho Cucamonga Quakes : RHP Yasuoka Takahashi
|
|
Batting: RHB Pedro Criollo
|
0-0: Ball 1-0: Ball 2-0: Foul Ball, location: 2F 2-1: Ball 3-1: Foul Ball, location: 2F 3-2: Foul Ball, location: 2F 3-2: Foul Ball, location: 2F 3-2: Base on Balls
|
|
Batting: RHB Lupe Covarrubias
|
0-0: Ball 1-0: SINGLE (Flyball, 34D, EV 95.6 MPH) Pedro Criollo to second
|
|
Pitching: RHP Ben Redwine
|
|
|
Batting: RHB Yoshiaki Tsutsui
|
0-0: Grounds into double play, 5-4-3 (Groundball, 56, EV 105.6 MPH) Pedro Criollo to third
|
|
Batting: SHB Francisco Salazar
|
0-0: Called Strike 0-1: Foul Ball, location: 2F 0-2: Strikes out swinging
|
| Bottom of the 2nd over - 0 runs, 1 hit, 0 errors, 1 left on base; Rancho Cucamonga 0 - Bradenton 0 |
| TOP OF THE 3RD |
|
Rancho Cucamonga Quakes batting - Pitching for Bradenton Marauders : RHP Juan de Anda
|
|
Batting: LHB Cesar Gutierrez
|
0-0: Ball 1-0: Ball 2-0: Ball 3-0: Base on Balls
|
|
Batting: RHB Ben Redwine
|
0-0: Bunt missed! 0-1: Bunted foul 0-2: Bunt missed, Strikeout!
|
|
Batting: RHB Omar Resendez
|
0-0: Fielders Choice at 2nd, 3-6 (Groundball, 34, EV 101.3 MPH)
|
|
Batting: RHB Mario Mejia
|
0-0: Ball 1-0: Fly out, F4 (Popup, 4S, EV 76.9 MPH)
|
| Top of the 3rd over - 0 runs, 0 hits, 0 errors, 1 left on base; Rancho Cucamonga 0 - Bradenton 0 |
| BOTTOM OF THE 3RD |
|
Bradenton Marauders batting - Pitching for Rancho Cucamonga Quakes : RHP Ben Redwine
|
|
Batting: RHB Sergio Aceves
|
0-0: Ball 1-0: Ball 2-0: Foul Ball, location: 2F 2-1: Ball 3-1: Base on Balls
|
|
Batting: RHB Juan de Anda
|
0-0: Ball 1-0: Bunted foul 1-1: Sac Bunt to 13S - play at first, batter OUT! 1-4 Sergio Aceves to second
|
|
Batting: RHB Slamet Pamungkas
|
0-0: Foul Ball, location: 2F 0-1: Called Strike 0-2: Ball 1-2: DOUBLE (Line Drive, 89D, EV 102.5 MPH) Sergio Aceves scores
|
|
Batting: LHB Alex Mandry
|
0-0: Ball 1-0: Called Strike 1-1: Ball 2-1: Ground out 4-3 (Groundball, 4, EV 101.9 MPH) Slamet Pamungkas to third
|
|
Pitching: RHP Ludo Argo
|
|
|
Batting: SHB Mike Jorgenson
|
0-0: Ball 1-0: Fly out, F9 (Flyball, 89D, EV 98.8 MPH)
|
| Bottom of the 3rd over - 1 run, 1 hit, 0 errors, 1 left on base; Rancho Cucamonga 0 - Bradenton 1 |
| TOP OF THE 4TH |
|
Rancho Cucamonga Quakes batting - Pitching for Bradenton Marauders : RHP Juan de Anda
|
|
Batting: RHB Christopher Gallino
|
0-0: Ball 1-0: Called Strike 1-1: Ball 2-1: Called Strike 2-2: Strikes out swinging
|
|
Batting: LHB Tim Dakin
|
0-0: Ball 1-0: Fly out, F7 (Flyball, 7D, EV 98.1 MPH)
|
|
Batting: LHB William Cano
|
0-0: Fly out, F9 (Flyball, 89M, EV 76.3 MPH)
|
| Top of the 4th over - 0 runs, 0 hits, 0 errors, 0 left on base; Rancho Cucamonga 0 - Bradenton 1 |
| BOTTOM OF THE 4TH |
|
Bradenton Marauders batting - Pitching for Rancho Cucamonga Quakes : RHP Ludo Argo
|
|
Batting: RHB Pedro Criollo
|
0-0: Swinging Strike 0-1: Fly out, F8 (Flyball, 89XD, EV 97.5 MPH)
|
|
Batting: RHB Lupe Covarrubias
|
0-0: Foul Ball, location: 2F 0-1: Ball 1-1: Foul Ball, location: 2F 1-2: Ball 2-2: Foul Ball, location: 2F 2-2: Ball 3-2: TRIPLE (Flyball, 89XD, EV 99.4 MPH)
|
|
Batting: RHB Yoshiaki Tsutsui
|
0-0: Swinging Strike 0-1: Ball 1-1: Ball 2-1: Called Strike 2-2: Ball 3-2: Base on Balls
|
|
Batting: SHB Francisco Salazar
|
0-0: Called Strike 0-1: Ball 1-1: Ball 2-1: Ball 3-1: Fielders Choice at 2nd, 4-6 (Groundball, 4, EV 111.3 MPH) Lupe Covarrubias scores
|
|
Pitching: RHP Jalen Merriweather
|
|
|
Batting: RHB Sergio Aceves
|
0-0: Called Strike 0-1: Called Strike 0-2: Foul Ball, location: 2F 0-2: Hit by Pitch Francisco Salazar to second
|
|
Batting: RHB Juan de Anda
|
0-0: Foul Ball, location: 2F 0-1: Swinging Strike 0-2: Ball 1-2: Ball 2-2: Foul Ball, location: 2F 2-2: Ground out 6-3 (Groundball, 6D, EV 101.9 MPH)
|
| Bottom of the 4th over - 1 run, 1 hit, 0 errors, 2 left on base; Rancho Cucamonga 0 - Bradenton 2 |
| TOP OF THE 5TH |
|
Rancho Cucamonga Quakes batting - Pitching for Bradenton Marauders : RHP Juan de Anda
|
|
Batting: RHB Ian Enge
|
0-0: Ball 1-0: Ground out 5-3 (Groundball, 15, EV 85.0 MPH)
|
|
Batting: RHB Marty Roldan
|
0-0: Foul Ball, location: 2F 0-1: Swinging Strike 0-2: SINGLE (Flyball, 4MD, EV 94.4 MPH)
|
|
Batting: LHB Cesar Gutierrez
|
0-0: Called Strike 0-1: Foul Ball, location: 2F 0-2: Ball 1-2: Strikes out swinging
|
|
Batting: RHB Jalen Merriweather
|
0-0: Fielders Choice at 2nd, 6-4 (Groundball, 6, EV 92.5 MPH)
|
| Top of the 5th over - 0 runs, 1 hit, 0 errors, 1 left on base; Rancho Cucamonga 0 - Bradenton 2 |
| BOTTOM OF THE 5TH |
|
Bradenton Marauders batting - Pitching for Rancho Cucamonga Quakes : RHP Jalen Merriweather
|
|
Batting: RHB Slamet Pamungkas
|
0-0: Foul Ball, location: 2F 0-1: Ball 1-1: Ground out 4-3 (Groundball, 4, EV 83.1 MPH)
|
|
Batting: LHB Alex Mandry
|
0-0: Ball 1-0: Foul Ball, location: 2F 1-1: SINGLE (Groundball, 34S, EV 70.6 MPH) (infield hit)
|
|
Batting: SHB Mike Jorgenson
|
0-0: Ball 1-0: Ball 2-0: Ball 3-0: Base on Balls Alex Mandry to second
|
|
Pitching: RHP Malcolm Johnson
|
|
|
Batting: RHB Pedro Criollo
|
0-0: Called Strike 0-1: Ball 1-1: Ball 2-1: Ball 3-1: Base on Balls Alex Mandry to third Mike Jorgenson to second
|
|
Batting: RHB Lupe Covarrubias
|
0-0: DOUBLE (Line Drive, 3D, EV 94.4 MPH) Alex Mandry scores Mike Jorgenson scores Pedro Criollo to third
|
|
Batting: RHB Yoshiaki Tsutsui
|
0-0: Ball 1-0: SINGLE (Groundball, 6D, EV 105.0 MPH) Pedro Criollo scores Lupe Covarrubias to third
|
|
Batting: SHB Francisco Salazar
|
0-0: Called Strike 0-1: Swinging Strike 0-2: Ball 1-2: Ball 2-2: Fielders Choice at 2nd, 4-6 (Groundball, 4MD, EV 86.9 MPH) Lupe Covarrubias scores
|
|
Batting: RHB Sergio Aceves
|
0-0: Ball 1-0: Ball 2-0: SINGLE (Groundball, 6MD, EV 106.3 MPH) Francisco Salazar to second
|
|
Batting: RHB Juan de Anda
|
0-0: Called Strike 0-1: Ball 1-1: DOUBLE (Groundball, 5L, EV 107.5 MPH) Francisco Salazar scores Sergio Aceves to third Runner from 3rd tries for Home, SAFE, no throw by LF
|
|
Pitching: RHP Jay Foley
|
|
|
Batting: RHB Slamet Pamungkas
|
0-0: Ball 1-0: Ball 2-0: Called Strike 2-1: Ground out 6-3 (Groundball, 6S, EV 61.9 MPH)
|
| Bottom of the 5th over - 6 runs, 5 hits, 0 errors, 1 left on base; Rancho Cucamonga 0 - Bradenton 8 |
| TOP OF THE 6TH |
|
Rancho Cucamonga Quakes batting - Pitching for Bradenton Marauders : RHP Juan de Anda
|
|
Batting: RHB Omar Resendez
|
0-0: Called Strike 0-1: Called Strike 0-2: Ball 1-2: Ground out U3 (Groundball, 34, EV 78.8 MPH)
|
|
Batting: RHB Mario Mejia
|
0-0: Ball 1-0: Ground out 6-3 (Groundball, 6, EV 88.8 MPH)
|
|
Batting: RHB Christopher Gallino
|
0-0: Ball 1-0: Called Strike 1-1: Foul Ball, location: 2F 1-2: Strikes out swinging
|
| Top of the 6th over - 0 runs, 0 hits, 0 errors, 0 left on base; Rancho Cucamonga 0 - Bradenton 8 |
| BOTTOM OF THE 6TH |
|
Bradenton Marauders batting - Pitching for Rancho Cucamonga Quakes : RHP Jay Foley
|
|
Batting: LHB Alex Mandry
|
0-0: SINGLE (Line Drive, 78M, EV 99.4 MPH)
|
|
Batting: SHB Mike Jorgenson
|
0-0: Called Strike 0-1: Ball 1-1: Ground out 4-3 (Groundball, 4S, EV 68.8 MPH) Alex Mandry to second
|
|
Batting: RHB Pedro Criollo
|
0-0: Ball 1-0: DOUBLE (Flyball, 78XD, EV 106.3 MPH) Alex Mandry scores
|
|
Batting: RHB Lupe Covarrubias
|
0-0: Ball 1-0: Ball 2-0: DOUBLE (Line Drive, 5D, EV 94.4 MPH) Pedro Criollo scores
|
|
Batting: RHB Yoshiaki Tsutsui
|
0-0: Ball 1-0: Called Strike 1-1: Ball 2-1: Foul Ball, location: 2F 2-2: Ground out 4-3 (Groundball, 4, EV 79.4 MPH) Lupe Covarrubias to third
|
|
Pitching: LHP Cesar Vargas
|
|
|
Batting: SHB Francisco Salazar
|
0-0: Swinging Strike 0-1: Ball 1-1: Called Strike 1-2: Strikes out looking
|
| Bottom of the 6th over - 2 runs, 3 hits, 0 errors, 1 left on base; Rancho Cucamonga 0 - Bradenton 10 |
| TOP OF THE 7TH |
|
Rancho Cucamonga Quakes batting - Pitching for Bradenton Marauders : RHP Juan de Anda
|
|
Pinch Hitting: RHB Andy Furman
|
0-0: Ball 1-0: Ball 2-0: Ball 3-0: Called Strike 3-1: Base on Balls
|
|
Batting: LHB William Cano
|
0-0: Called Strike 0-1: Foul Ball, location: 2F 0-2: Ball 1-2: Strikes out looking
|
|
Batting: RHB Ian Enge
|
0-0: Ball 1-0: Called Strike 1-1: Ball 2-1: Fly out, F7 (Flyball, 78D, EV 80.6 MPH)
|
|
Batting: RHB Marty Roldan
|
0-0: Called Strike 0-1: Foul Ball, location: 2F 0-2: Foul Ball, location: 2F 0-2: Strikes out swinging
|
| Top of the 7th over - 0 runs, 0 hits, 0 errors, 1 left on base; Rancho Cucamonga 0 - Bradenton 10 |
| BOTTOM OF THE 7TH |
|
Bradenton Marauders batting - Pitching for Rancho Cucamonga Quakes : LHP Cesar Vargas
|
|
Now at 1B: Won Kim
|
|
|
Pinch Hitting: LHB Tom Dempsey
|
0-0: Ball 1-0: Swinging Strike 1-1: Ball 2-1: Called Strike 2-2: Strikes out swinging
|
|
Batting: RHB Juan de Anda
|
0-0: SINGLE (Groundball, 6MD, EV 106.3 MPH)
|
|
Pinch Hitting: RHB Matt Goodman
|
0-0: Ball 1-0: Called Strike 1-1: Ball 2-1: Called Strike 2-2: Strikes out looking
|
|
Batting: LHB Alex Mandry
|
0-0: Ball 1-0: Ball 2-0: Ground out 6-3 (Groundball, 6M, EV 106.9 MPH)
|
| Bottom of the 7th over - 0 runs, 1 hit, 0 errors, 1 left on base; Rancho Cucamonga 0 - Bradenton 10 |
| TOP OF THE 8TH |
|
Rancho Cucamonga Quakes batting - Pitching for Bradenton Marauders : RHP Juan de Anda
|
|
Now at 1B: Jon Schulte
|
|
|
Now at SS: Tom Dempsey
|
|
|
Batting: LHB Cesar Gutierrez
|
0-0: Called Strike 0-1: Swinging Strike 0-2: Ground out 6-3 (Groundball, 6M, EV 100.6 MPH)
|
|
Batting: LHB Cesar Vargas
|
0-0: Called Strike 0-1: Swinging Strike 0-2: Foul Ball, location: 2F 0-2: Ball 1-2: Ground out 6-3 (Groundball, 6, EV 100.0 MPH)
|
|
Batting: RHB Omar Resendez
|
0-0: Fly out, F8 (Flyball, 8LS, EV 97.5 MPH)
|
| Top of the 8th over - 0 runs, 0 hits, 0 errors, 0 left on base; Rancho Cucamonga 0 - Bradenton 10 |
| BOTTOM OF THE 8TH |
|
Bradenton Marauders batting - Pitching for Rancho Cucamonga Quakes : LHP Cesar Vargas
|
|
Pitching: LHP Mike Bass
|
|
|
Pinch Hitting: RHB Justin Wingo
|
0-0: Fly out, F8 (Flyball, 8LM, EV 89.4 MPH)
|
|
Pinch Hitting: RHB Rafael Orta
|
0-0: Ball 1-0: Swinging Strike 1-1: TRIPLE (Flyball, 89XD, EV 87.5 MPH)
|
|
Batting: RHB Lupe Covarrubias
|
0-0: Ball 1-0: Ball 2-0: Ball 3-0: Base on Balls
|
|
Batting: RHB Yoshiaki Tsutsui
|
0-0: Called Strike 0-1: Ball Passed Ball! Rafael Orta scores Lupe Covarrubias to second 1-1: SINGLE (Groundball, 56D, EV 98.1 MPH) Lupe Covarrubias to third Runner from 3rd tries for Home, SAFE, throw by LF to home
|
|
Batting: SHB Francisco Salazar
|
0-0: Ball 1-0: Ball 2-0: Ball 3-0: Called Strike 3-1: Foul Ball, location: 2F 3-2: Foul Ball, location: 2F 3-2: Base on Balls Yoshiaki Tsutsui to second
|
|
Batting: LHB Tom Dempsey
|
0-0: Grounds into double play, 4-6-3 (Groundball, 4, EV 106.3 MPH)
|
| Bottom of the 8th over - 2 runs, 2 hits, 0 errors, 1 left on base; Rancho Cucamonga 0 - Bradenton 12 |
| TOP OF THE 9TH |
|
Rancho Cucamonga Quakes batting - Pitching for Bradenton Marauders : RHP Juan de Anda
|
|
Now in CF: Justin Wingo
|
|
|
Now in RF: Nelson Ozuna
|
|
|
Batting: RHB Mario Mejia
|
0-0: Ball 1-0: Called Strike 1-1: Foul Ball, location: 2F 1-2: Ball 2-2: Foul Ball, location: 2F 2-2: Foul Ball, location: 2F 2-2: Strikes out swinging
|
|
Batting: RHB Christopher Gallino
|
0-0: Ball 1-0: Ball 2-0: Fly out, F8 (Line Drive, 8RM, EV 91.9 MPH)
|
|
Pinch Hitting: RHB Jong-hoo Lee
|
0-0: Ball 1-0: Ball 2-0: Ground out U3 (Groundball, 34S, EV 78.1 MPH)
|
| Top of the 9th over - 0 runs, 0 hits, 0 errors, 0 left on base; Rancho Cucamonga 0 - Bradenton 12 |
|